 Dungeon Crawl Stone Soup version 0.26-a0-639-g72c4674329 (webtiles) character file.

Game seed: 8723163808433001948

92 PentaManta the Chopper (level 4, 0/52 HPs)
             Began as a Formicid Abyssal Knight on Sept 19, 2020.
             Was a Follower of Lugonu.
             Succumbed to an adder's poison
             ... on level 2 of the Dungeon.
             The game lasted 00:05:09 (2287 turns).

PentaManta the Chopper (Formicid Abyssal Knight)    Turns: 2287, Time: 00:05:10

Health: 0/52       AC: 22    Str: 18    XL:     4   Next: 90%
Magic:  5/5        EV:  2    Int: 11    God:    Lugonu [*.....]
Gold:   72         SH:  0    Dex: 10    Spells: 3/3 levels left

rFire    . . .     SeeInvis .   a - +1 hand axe
rCold    . . .     Faith    .   (no shield)
rNeg     + + +     Spirit   .   (armour currently unavailable)
rPois    +         Reflect  .   (helmet unavailable)
rElec    .         Harm     .   (cloak currently unavailable)
rCorr    .         Rampage  .   (gloves currently unavailable)
MR       .....                  (boots currently unavailable)
Stlth    +.........             (no amulet)
HPRegen  0.17/turn              (no ring)
MPRegen  0.09/turn              (no ring)

@: lethally poisoned (0 -> -6), tree-form
A: permanent stasis, dig shafts and tunnels, four strong arms, [subdued magic 1]
a: Depart the Abyss, Renounce Religion


You were on level 2 of the Dungeon.
You worshipped Lugonu.
Lugonu was aware of your devotion.
You were a tree.
You visited 1 branch of the dungeon, and saw 2 of its levels.
You visited the Abyss 1 time.

You collected 72 gold pieces.

Inventory:

Hand Weapons
 a - a +1 hand axe (weapon)
Missiles
 f - 2 boomerangs
 k - 4 atropa-tipped darts (quivered)
Armour
 b - a +1 leather armour
 l - a +2 scale mail of fire resistance (melded)
Jewellery
 h - an uncursed amulet of regeneration {unknown}
Scrolls
 c - a scroll of identify {unknown}
 d - 4 scrolls of remove curse
 i - a scroll of enchant weapon {unknown}
Potions
 e - a potion of heal wounds {unknown}


   Skills:
 - Level 3.2 Fighting
 + Level 4.7 Axes
 - Level 2.1 Armour
 - Level 0.8 Dodging
 - Level 2.1 Invocations


You had 3 spell levels left.
You didn't know any spells.
Your spell library was empty.

Dungeon Overview and Level Annotations

Branches:
Dungeon (2/15)

Altars:


Innate Abilities, Weirdness & Mutations

You cannot be hasted, slowed, berserked, paralysed or teleported.
You can dig through walls and to a lower floor.
Your four strong arms can wield two-handed weapons with a shield.
((You have a pair of large antennae on your head. (SInv)))
[Your spells are a little easier to cast, but a little less powerful.]


Message History

You barely miss the adder. The adder bites you.
* * * LOW HITPOINT WARNING * * *
You barely miss the adder.
The dart slug is no longer blind.
The adder bites you but does no damage.
You hit the adder but do no damage. The adder bites you.
* * * LOW HITPOINT WARNING * * *
You are lethally poisoned!
The adder poisons you! The adder bites you but does no damage.
It was a potion of flight.
You feel very buoyant.
You fly up into the air.
* * * LOW HITPOINT WARNING * * *
You feel sick. The adder bites you.
* * * LOW HITPOINT WARNING * * *
You are more poisoned.
The adder poisons you!
It was a potion of lignification.
You turn into a tree.
Your +2 scale mail of fire resistance melds into your body.
You feel less resistant to fire.
Your roots penetrate the ground.
You die...

######## #......#
##########.......
#........#......#
#........#......#
##########........#......#
.................†#......#
?................)........
.....(w.S♣...............#
######...........#.......#
#...........#........
####.##.....#........
#.#......#......#.
#.#.............##
#.#......#........ #+#
....#####.### #.#


You could see an adder and a dart slug.

Vanquished Creatures
  Terence (D:2)
  3 adders (D:2)
  A worm (D:2)
  2 dart slugs (D:1)
  3 leopard geckos
  A giant cockroach (D:1)
  3 goblins (D:1)
  5 hobgoblins (D:1)
  3 kobolds
  2 quokkas (D:2)
  A ball python (D:1)
  4 bats
  2 frilled lizards (D:2)
  2 rats
33 creatures vanquished.

Notes
Turn   | Place    | Note
-------+----------+-------------------------------------------
     0 | Abyss:1  | PentaManta the Formicid Abyssal Knight began the quest for
                  | the Orb.
     0 | Abyss:1  | Reached XP level 1. HP: 18/18 MP: 2/2
    60 | Abyss:1  | Noticed a small abomination
   120 | Abyss:2  | Found a corrupted altar of Lugonu.
   126 | Abyss:2  | Noticed a wretched star
   128 | D:1      | Escaped the Abyss
   314 | D:1      | Reached XP level 2. HP: 9/24 MP: 3/3
   570 | D:1      | Reached * piety under Lugonu
   594 | D:1      | Reached skill level 3 in Axes
   864 | D:1      | Reached XP level 3. HP: 26/29 MP: 4/4
  1584 | D:2      | Reached skill level 4 in Axes
  1584 | D:2      | Reached XP level 4. HP: 26/35 MP: 5/5
  2220 | D:2      | Noticed Terence
  2248 | D:2      | Killed Terence
  2286 | D:2      | HP: 1/35 [adder (2)]
  2287 | D:2      | Succumbed to an adder's poison

Illustrated notes

Levels and vault maps discovered:
D:1:      tarquinn_simple_flora_water_a, layout_loops_cross
D:2:      layout_basic, uniq_terence

Skill      XL: |  1  2  3 |
---------------+----------+-----
Axes           | 3 4 |  4.7
Fighting       | |  3.2
Armour         | |  2.1
Dodging        | |  0.8
Invocations    | |  2.1

Action                   |  1- 3 |  4- 6 || total
-------------------------+-------+-------++-------
Melee: Hand axe          |   108 |    43 ||   151
Throw: Dart              |       |     6 ||     6
       Boomerang         |       |     1 ||     1
Invok: Depart the Abyss  |     1 |       ||     1
 Abil: Dig               |       |     1 ||     1
  Use: Scroll            |     3 |       ||     3
       Potion            |       |     2 ||     2
Armor: Leather armour    |    35 |     7 ||    42
       Scale mail        |       |     5 ||     5
Dodge: Dodged            |    61 |    27 ||    88

Table legend: (Time is in decaauts)
 A = Elapsed time spent in this place.
 B = Non-inter-level travel time spent in this place.
 C = Inter-level travel time spent in this place.
 D = Time resting spent in this place.
 E = Time spent auto-exploring this place.
 F = Levels seen in this place.
 G = Mean time per level.
                   A        B        C        D        E       F      G
               +--------+--------+--------+--------+--------+-----+--------+
         Total |   2306 |   2286 |     20 |    686 |   1060 |   4 |  576.5 |
       Dungeon |   2179 |   2159 |     20 |    686 |   1060 |   2 | 1089.5 |
         Abyss |    127 |    127 |      0 |      0 |      0 |   2 |   63.5 |
               +--------+--------+--------+--------+--------+-----+--------+

Top non-repeatable levels by time:
     D:1: 1175 daAuts
     D:2: 1004 daAuts
 Abyss:1: 112 daAuts
 Abyss:2: 15 daAuts
